 Dungeon Crawl Stone Soup version 0.30-a0-1014-g3371b13838 (webtiles) character file.

Game seed: 8994149390878426268

7 Ishchenko the Trooper (level 2, 0/27 HPs)
             Began as a Hill Orc Fighter on Apr 6, 2023.
             Slain by a goblin
             ... wielding a +0 club
             ... led by Robin
              (6 damage)
             ... on level 2 of the Dungeon.
             The game lasted 00:00:22 (167 turns).

Ishchenko the Trooper (Hill Orc Fighter)             Turns: 167, Time: 00:00:22

Health: 0/27       AC:  6    Str: 18    XL:     2   Next: 0%
Magic:  2/2        EV:  9    Int:  8    God:
Gold:   7          SH:  4    Dex: 10    Spells: 1/1 levels left

rFire   . . .      SeeInvis .    a - +0 war axe
rCold   . . .      Faith    .    c - +0 buckler
rNeg    . . .      Spirit   .    b - +0 scale mail
rPois   .          Reflect  .    (no helmet)
rElec   .          Rampage  .    (no cloak)
rCorr   .                        (no gloves)
Will    .....                    (no boots) Stlth
                                 (no amulet)
HPRegen 0.24/turn                (no ring)
MPRegen 0.08/turn                (no ring)

@: mighty
A: no striking features
a: no special abilities


You were on level 2 of the Dungeon.
You visited 1 branch of the dungeon, and saw 2 of its levels.

You collected 7 gold pieces.

Inventory:

Hand Weapons
 a - a +0 war axe (weapon)
Armour
 b - a +0 scale mail (worn)
 c - a +0 buckler (worn)
Jewellery
 f - an amulet of reflection
Scrolls
 e - a scroll of fog {unknown}


   Skills:
 + Level 3.8 Fighting
 + Level 3.1 Axes
 + Level 3.4 Armour
 + Level 3.3 Shields


You had one spell level left.
You didn't know any spells.
Your spell library was empty.

Dungeon Overview and Level Annotations

Branches:
Dungeon (2/15)

Altars:

Annotations:
D:2 Robin


Message History

The goblin wields a +0 club.
The goblin hits you but does no damage. Robin throws the goblin at you!
A goblin comes into view. It is wielding a +0 dagger.
The hobgoblin closely misses you.
You closely miss the goblin.
The goblin shouts!
You hit the hobgoblin. You barely miss the goblin.
The bat hits you but does no damage. The goblin hits you with a +0 club.
The hobgoblin closely misses you. You block the goblin's attack.
The goblin barely misses you.
You hit the hobgoblin.
You kill the hobgoblin!
You hit the goblin.
You kill the goblin!
You closely miss the goblin. The bat hits you but does no damage.
Robin roars a battlecry!
The goblin closely misses you.
A hobgoblin comes into view.
Robin throws the goblin at you!
You hear an angry hiss.
Your Axes skill increases to level 3!
You closely miss the goblin. You barely miss the goblin.
The hobgoblin shouts!
You hit the bat. The bat hits you but does no damage. x2
The goblin hits you with a +0 club. The goblin hits you with a +0 dagger.
A goblin comes into view. It is wielding a +0 club.
You block the goblin's attack.
You hit the bat.
You kill the bat!
You hit Robin but do no damage. You hit the goblin but do no damage.
You barely miss the goblin. You block the goblin's attack.
Robin hits you but does no damage. The goblin hits you with a +0 club.
* * * LOW HITPOINT WARNING * * *
You have reached level 2!
You feel very mighty all of a sudden.
A goblin comes into view. It is wielding a +0 club.
Robin hits you but does no damage. The goblin hits you with a +0 dagger.
* * * LOW HITPOINT WARNING * * *
The goblin hits you with a +0 club.
You die...

..###..###
#...##...######
###.####......#
###....##.###.######S
.....#.##............
.....#.######..#######
.....................#
.....###..####.g####.#
.....# # # #.g@)#
.....# #.##ggg.g.#
###### .... .......
###.# ###.#.. #.# # .
#.# #.


You could see Robin, a hobgoblin (strong) and 4 goblins.

Vanquished Creatures
  4 goblins (D:2)
  A hobgoblin (D:2)
  A bat (D:2)
  A rat (D:1)
7 creatures vanquished.

Notes
Turn   | Place    | Note
-------+----------+-------------------------------------------
     0 | D:1      | Ishchenko the Hill Orc Fighter began the quest for the Orb.
     0 | D:1      | Reached XP level 1. HP: 19/19 MP: 1/1
   129 | D:1      | You fall into a shaft and drop 1 floor!
   158 | D:2      | Noticed Robin
   167 | D:2      | Reached XP level 2. HP: 8/27 MP: 2/2
   167 | D:2      | Slain by a goblin

Illustrated notes

Levels and vault maps discovered:
D:1:      nicolae_arrival_washed_ashore, layout_basic, grunt_decor_mini_mirrors,
          minmay_vboxes
D:2:      layout_basic, uniq_robin, uniq_jessica

Skill      XL: |  1 |
---------------+----+-----
Axes           | 3 |  3.1
Fighting       | |  3.8
Armour         | |  3.4
Shields        | |  3.3

Action                     || total
---------------------------++-------
  Melee: War axe           ||     8
    Use: Potion            ||     1
 Armour: Scale mail        ||    13
  Dodge: Dodged            ||     6
  Block: Buckler           ||     3

Table legend: (Time is in decaauts)
 A = Elapsed time spent in this place.
 B = Non-inter-level travel time spent in this place.
 C = Inter-level travel time spent in this place.
 D = Time resting spent in this place.
 E = Time spent auto-exploring this place.
 F = Levels seen in this place.
 G = Mean time per level.
                   A        B        C        D        E       F      G
               +--------+--------+--------+--------+--------+-----+--------+
         Total |    170 |    170 |      0 |      0 |    148 |   2 |   85.0 |
       Dungeon |    170 |    170 |      0 |      0 |    148 |   2 |   85.0 |
               +--------+--------+--------+--------+--------+-----+--------+

Top non-repeatable levels by time:
     D:1: 129 daAuts
     D:2: 40 daAuts
